AoeStats
← SPPG_Aruba

Fortress

510078707Analyzed
4v4 RM · 2d ago on Sep 29, 2026· 86m 42s· 8 players
Game mode
Random Map
Map size
Huge
Population
200
Speed
Normal
Resources
Standard
Victory
Conquest
Starting age
Dark Age
Ending age
Imperial Age
RankedLock teamsTeams togetherTeam positionsShared explorationLock speedFull tech treeHidden civsTurbo modeCheats
Victory
Defeat
🇮🇩 Burgundians · Indonesia
1430
+15
🇮🇩 Tupi · Indonesia
1353
+18
🇮🇩 Romans · Indonesia
1323
+19
🇮🇩 Bohemians · Indonesia
1225
+23
🇦🇷 Danes · Argentina
1431
-20
🇹🇼 Mongols · Taiwan
1412
-20
🇷🇺 Berbers · Russia
1376
-18
🇫🇷 Japanese · France
1344
-17
Gericault667
2:17 Loom
7:26 Feudal Age
9:36 Double-Bit Axe
12:00 Castle Age
9:54 Horse Collar
10:27 Gold Mining
11:12 Scale Mail Armor
11:06 Arson
11:48 Forging
14:01 Squires
13:58 Loom
18:07 Chain Mail Armor
20:48 Wheelbarrow
20:40 Heavy Plow
20:54 Bow Saw
21:38 Iron Casting
23:25 Hand Cart
23:41 Town Watch
31:27 Gold Shaft Mining
31:18 Fletching
32:41 Town Patrol
41:49 Imperial Age
41:36 Bodkin Arrow
43:35 Chemistry
42:51 Masonry
43:03 Ballistics
42:59 Pikeman
44:18 Plate Mail Armor
44:49 Blast Furnace
43:53 Halberdier
44:56 Conscription
44:45 Bracer
44:29 Treadmill Crane
47:15 Elite Samurai
49:24 Hoardings
49:26 Murder Holes
53:23 Capped Ram
78:29 Caravan
84:26 Two-Man Saw
86:50 Bloodlines
86:41 Husbandry
86:03 Light Cavalry
轟炸雞肉乾媽媽
7:19 Feudal Age
11:13 Castle Age
9:22 Double-Bit Axe
9:44 Horse Collar
12:11 Bow Saw
14:09 Wheelbarrow
15:14 Loom
20:24 Heavy Plow
20:59 Stone Mining
22:11 Gold Mining
25:39 Imperial Age
25:00 Fletching
25:55 Ballistics
25:40 Elite Mangudai
26:41 Conscription
26:22 Bodkin Arrow
27:30 Chemistry
26:38 Husbandry
27:05 Bloodlines
27:06 Padded Archer Armor
27:11 Bracer
28:19 Gold Shaft Mining
28:49 Leather Archer Armor
28:39 Scale Barding Armor
28:46 Forging
27:58 Light Cavalry
30:02 Stone Shaft Mining
29:09 Hussar
31:26 Chain Barding Armor
32:09 Parthian Tactics
32:34 Iron Casting
34:17 Fortified Wall
34:18 Masonry
36:57 Caravan
38:39 Hoardings
39:18 Blast Furnace
72:18 Onager
78:03 Drill
85:01 Siege Onager
Warrior
6:57 Feudal Age
10:52 Castle Age
9:20 Fletching
9:26 Double-Bit Axe
9:29 Horse Collar
10:24 Fletching
11:08 Gold Mining
11:45 Bow Saw
16:04 Loom
19:25 Heavy Plow
21:25 Wheelbarrow
21:38 Husbandry
22:29 Bloodlines
23:33 Ballistics
23:14 Town Watch
23:29 Stone Mining
25:24 Treadmill Crane
29:02 Imperial Age
27:51 Gold Shaft Mining
27:03 Light Cavalry
28:08 Bodkin Arrow
29:48 Elite Camel Archer
30:52 Conscription
30:40 Maghrebi Camels
31:16 Bracer
32:20 Chemistry
32:06 Padded Archer Armor
34:39 Fortified Wall
35:34 Caravan
36:07 Leather Archer Armor
36:12 Scale Barding Armor
36:11 Hussar
42:10 Chain Barding Armor
46:21 Plate Barding Armor
46:06 Forging
47:11 Masonry
48:35 Crop Rotation
50:11 Hand Cart
50:01 Kasbah
62:10 Iron Casting
76:52 Blast Furnace
79:40 Capped Ram
82:53 Ring Archer Armor
[TOX2] Nicob
6:30 Feudal Age
10:23 Castle Age
8:42 Double-Bit Axe
11:28 Bow Saw
11:54 Horse Collar
19:35 Stone Mining
22:24 Wheelbarrow
22:18 Gold Mining
23:29 Hand Cart
26:35 Imperial Age
24:18 Scale Mail Armor
24:40 Hamask
25:34 Forging
26:00 Gold Shaft Mining
25:38 Town Watch
27:02 Northmen's Fury
27:05 Onager
28:34 Siege Engineers
29:46 Chemistry
29:13 Conscription
28:35 Siege Onager
29:38 Elite Jomsviking
31:17 Stone Shaft Mining
31:53 Chain Mail Armor
33:38 Plate Mail Armor
34:11 Iron Casting
33:39 Heavy Plow
34:57 Arson
35:14 Squires
36:17 Elite Varangian Guard
38:00 Blast Furnace
41:40 Masonry
41:26 Gambesons
44:07 Fletching
44:15 Murder Holes
51:29 Bodkin Arrow
52:04 Pikeman
52:37 Halberdier
58:59 Caravan
59:30 Coinage
64:27 Loom
67:33 Bracer
69:03 Town Patrol
69:21 Guard Tower
75:01 Capped Ram
76:34 Siege Ram
83:14 Banking
SPPG_Aruba
5:20 Loom
7:45 Feudal Age
11:38 Castle Age
9:30 Double-Bit Axe
15:05 Scale Barding Armor
19:25 Wheelbarrow
19:54 Bow Saw
20:22 Chain Barding Armor
20:20 Horse Collar
21:37 Forging
22:31 Hand Cart
22:11 Gold Mining
22:42 Stone Mining
23:29 Gold Shaft Mining
23:12 Husbandry
23:23 Bloodlines
27:07 Imperial Age
25:06 Heavy Plow
27:28 Iron Casting
28:11 Conscription
27:12 Elite Centurion
29:36 Comitatenses
30:31 Plate Barding Armor
30:57 Blast Furnace
30:16 Man-at-Arms
30:57 Squires
31:00 Long Swordsman
33:36 Scale Mail Armor
32:58 Legionary
35:35 Caravan
43:55 Coinage
43:54 Guilds
44:44 Chain Mail Armor
49:14 Banking
58:26 Onager
TempYuraa
7:03 Feudal Age
7:30 Feudal Age
8:35 Double-Bit Axe
8:37 Horse Collar
11:32 Castle Age
12:29 Bow Saw
12:19 Heavy Plow
18:12 Fletching
19:15 Bodkin Arrow
19:59 Ballistics
21:34 Wheelbarrow
20:45 Loom
20:45 Town Watch
23:21 Hand Cart
26:16 Imperial Age
25:14 Forging
25:05 Scale Mail Armor
25:44 Wagenburg Tactics
25:57 Padded Archer Armor
27:01 Chemistry
26:12 Masonry
27:34 Leather Archer Armor
27:19 Bracer
27:40 Conscription
28:17 Conscription
29:19 Ring Archer Armor
28:55 Houfnice
29:59 Elite Skirmisher
33:45 Two-Man Saw
33:31 Pikeman
34:12 Squires
33:57 Arson
34:48 Iron Casting
34:29 Chain Mail Armor
34:29 Halberdier
36:30 Blast Furnace
35:54 Caravan
36:48 Town Patrol
38:22 Plate Mail Armor
39:34 Architecture
42:39 Capped Ram
46:49 Coinage
53:43 Banking
52:53 Man-at-Arms
55:59 Siege Engineers
55:49 Murder Holes
56:05 Fortified Wall
57:44 Elite Hussite Wagon
RafixRuche
7:11 Feudal Age
8:30 Double-Bit Axe
8:43 Loom
11:08 Castle Age
9:53 Fletching
11:03 Horse Collar
11:46 Bodkin Arrow
16:08 Loom
17:09 Padded Archer Armor
19:42 Wheelbarrow
22:15 Bow Saw
22:22 Gold Mining
22:34 Heavy Plow
23:33 Hand Cart
26:08 Ballistics
32:24 Imperial Age
32:34 Gold Shaft Mining
33:11 Leather Archer Armor
33:10 Bracer
34:13 Chemistry
32:46 Elite Skirmisher
35:11 Conscription
35:50 Ring Archer Armor
42:39 Crossbowman
44:23 Two-Man Saw
45:57 Caravan
51:12 Arbalester
73:07 Coinage
74:43 Banking
75:34 Pikeman
76:15 Squires
76:01 Arson
83:50 Town Watch
85:11 Town Patrol
Adm_416
6:46 Feudal Age
5:21 Double-Bit Axe
6:26 Horse Collar
7:50 Bow Saw
7:44 Heavy Plow
10:39 Loom
13:56 Castle Age
12:52 Wheelbarrow
13:06 Fletching
14:48 Padded Archer Armor
16:14 Elite Skirmisher
21:44 Ballistics
25:11 Burgundian Vineyards
25:13 Pikeman
25:53 Squires
30:18 Imperial Age
28:18 Bodkin Arrow
28:33 Scale Mail Armor
29:06 Hand Cart
29:56 Crop Rotation
29:37 Squires
30:01 Fortified Wall
30:03 Gold Mining
30:07 Stone Mining
30:58 Chain Mail Armor
31:03 Leather Archer Armor
31:06 Masonry
32:15 Chemistry
32:58 Two-Man Saw
32:44 Architecture
32:16 Bracer
32:27 Forging
36:31 Plate Mail Armor
36:36 Iron Casting
37:46 Conscription
38:20 Hoardings
37:54 Scale Barding Armor
44:42 Chain Barding Armor
45:34 Caravan
46:48 Bombard Tower
46:14 Arrowslits
48:01 Husbandry
47:22 Light Cavalry
51:15 Hussar
53:49 Plate Barding Armor
54:15 Blast Furnace
62:28 Halberdier
69:48 Murder Holes
69:34 Treadmill Crane
Connection lost

Rejoining the realm…

Still unreachable

The connection could not be restored.

Session expired

The server has moved on; the page needs a fresh start.